 Dungeon Sprint DCSS version 0.29.1-2-gbd0b4ee654 (webtiles) character file.

Game seed: 13060664344801966444

445 Groucho the Unseen (level 6, -1/26 (28) HPs)
             Began as a Spriggan Enchanter on Nov 8, 2022.
             Was an Elder of Dithmenos.
             Slain by a wight
             ... wielding a +5 great sword
              (3 damage)
             ... in the Dungeon (Sprint VII: "The Pits").
             The game lasted 00:03:21 (931 turns).

Groucho the Unseen (Spriggan Enchanter)              Turns: 931, Time: 00:03:21

HP:   -1/26 (28)    AC:  2    Str:  6    XL:     6   Next: 72%
MP:   14/19         EV: 17    Int: 16    God:    Dithmenos [****..]
Gold: 0             SH:  0    Dex: 16    Spells: 19/24 levels left

rFire   . . .      SeeInvis +   a - +2 dagger
rCold   . . .      Faith    .   (no shield)
rNeg    . . .      Spirit   .   b - +0 robe
rPois   .          Reflect  .   (helmet restricted)
rElec   .          Harm     .   (no cloak)
rCorr   .          Rampage  .   (gloves unavailable)
Will    +....      NoTele   +   (boots unavailable)
Stlth   +++++++++.              (no amulet)
HPRegen 0.08/turn               (no ring)
MPRegen 0.16/turn               (no ring)

@: wreathed by umbra, drained, very quick
A: very small, no large weapons, unfitting armour, see invisible, speed 3
a: Renounce Religion, Shadow Step


You were in the Dungeon.
You worshipped Dithmenos.
Dithmenos was greatly pleased with you.
You visited 1 branch

Inventory:

Hand Weapons
 a - a +2 dagger (weapon)
Missiles
 m - 10 stones (quivered)
Armour
 b - a +0 robe (worn)
Scrolls
 i - a scroll of blinking
 j - 5 scrolls of amnesia
 k - a scroll of summoning
 l - 2 scrolls of vulnerability
Potions
 c - 3 potions of invisibility
 d - 6 potions of curing
 e - 5 potions of heal wounds
 g - 3 potions of magic
 h - 3 potions of berserk rage


   Skills:
 - Level 1.1 Short Blades
 - Level 2.6 Dodging
 - Level 15.0 Stealth
 + Level 9.9 Spellcasting
 + Level 9.9 Hexes


You had 19 spell levels left.
You knew the following spells:

 Your Spells              Type           Power      Damage    Failure   Level
a - Ensorcelled Hibernat  Hex/Ice        46%        N/A       1%          2
b - Confusing Touch       Hex            39%        N/A       1%          3

Your spell library contained the following spells:

 Spells                   Type           Power      Damage    Failure   Level
 Tukima's Dance           Hex            39%        N/A       1%          3
 Dazzling Flash           Conj/Hex       46%        N/A       3%          3


Dungeon Overview and Level Annotations

Branches:
Dungeon (1/1)

Altars:
Ashenzari
Cheibriados
Dithmenos
Elyvilon
Fedhas
Gozag
Hepliaklqana
Kikubaaqudgha
Makhleb
Nemelex Xobeh
Okawaru
Qazlal
Ru
Sif Muna
Trog
Uskayaw
Vehumet
Wu Jian
Xom
Yredelemnul
Zin
The Shining One
Jiyva
Lugonu


Innate Abilities, Weirdness & Mutations

You are very small and have problems with some larger weapons.
You are too small for most types of armour.
You have supernaturally acute eyesight. (SInv)
You cover ground extremely quickly. (Speed+++)


Message History

You destroy the wight!
Dithmenos accepts your kill.
Your life force feels restored.
Training target 15.0 for Stealth reached!
Your Stealth skill increases to level 15!
Unknown command.
Unknown command.
You start resting.
A wight is nearby!
A wight is nearby!
A wight is nearby!
A wight is nearby!
Casting: Confusing Touch (safe; 1% risk of failure)
Confirm with . or Enter, or press ? or * to list all spells.
Your hands begin to glow red.
The wight misses you.
You hit the wight but do no damage.
The wight appears confused.
The wight misses you.
You catch the helpless wight completely off-guard!
You impale the wight!!
You destroy the wight!
Dithmenos accepts your kill.
Your shadow now sometimes tangibly mimics your actions.
A wight comes into view. It is wielding a +3 scimitar.
Your Spellcasting skill increases to level 9!
Your Hexes skill increases to level 9!
You catch the helpless wight completely off-guard!
You impale the wight!!
You destroy the wight!
Dithmenos accepts your kill.
No target in view!
No target in view!
There is an open door here.
Items here: )) [[.
A wight comes into view. It is wielding a +5 great sword.
The wight hits you with a +5 great sword!
Ouch! That really hurt!
* * * LOW HITPOINT WARNING * * *
You emit a cloud of dark smoke.
You feel drained.
You die...

############
#_________.#
#_________.#
#_______...###########++
##########'##...........
#....')))'.##......#..#.
##########)##...........
#....÷§§z...'...........
#'#####@#####......#..#.
#.#..#§.§..##...........
#.#))#####)#####'#####++
#z#))#..)..##.......#
#.#))#.....##.......#
#.#[[###'####.......#
#o##'#....)##...<...#
#.#........##.......#
#.#........##.......#


You could see a wight.

Vanquished Creatures
  A warg (D)
  A water moccasin (D)
  4 wights (D)
  A gnoll (D)
  An ufetubus (D)
  An orc (D)
  A bat (D)
  A bat skeleton (D)
  An endoplasm (D)
  2 giant cockroaches (D)
  A kobold (D)
  A rat (D)
16 creatures vanquished.

Notes
Turn   | Place    | Note
-------+----------+-------------------------------------------
     0 | D        | Groucho the Spriggan Enchanter began the quest for the Orb.
     0 | D        | Reached XP level 1. HP: 9/9 MP: 5/5
    12 | D        | Reached skill level 5 in Stealth
    43 | D        | Found a bloodstained altar of Trog.
    43 | D        | Found a shimmering blue altar of Sif Muna.
    43 | D        | Found a viscous altar of Jiyva.
    43 | D        | Found a hazy altar of Hepliaklqana.
    43 | D        | Found an opulent altar of Gozag.
    44 | D        | Found a glowing golden altar of the Shining One.
    44 | D        | Found a glowing silver altar of Zin.
    44 | D        | Found a basalt altar of Yredelemnul.
    44 | D        | Found a shimmering altar of Xom.
    44 | D        | Found an ornate altar of the Wu Jian Council.
    44 | D        | Found a sacrificial altar of Ru.
    44 | D        | Found a stormy altar of Qazlal.
    44 | D        | Found an iron altar of Okawaru.
    44 | D        | Found a sparkling altar of Nemelex Xobeh.
    44 | D        | Found a burning altar of Makhleb.
    44 | D        | Found a blossoming altar of Fedhas.
    44 | D        | Found a white marble altar of Elyvilon.
    44 | D        | Found a shadowy altar of Dithmenos.
    44 | D        | Found a snail-covered altar of Cheibriados.
    45 | D        | Found a radiant altar of Vehumet.
    45 | D        | Found a corrupted altar of Lugonu.
    46 | D        | Found an ancient bone altar of Kikubaaqudgha.
    46 | D        | Found a hide-covered altar of Uskayaw.
    46 | D        | Found a broken altar of Ashenzari.
    72 | D        | Became a worshipper of Dithmenos the Shadowed
    93 | D        | Reached skill level 6 in Stealth
    95 | D        | Reached * piety under Dithmenos
   139 | D        | Reached ** piety under Dithmenos
   140 | D        | Reached skill level 7 in Stealth
   140 | D        | Reached XP level 2. HP: 8/13 MP: 5/7
   155 | D        | Learned a level 2 spell: Ensorcelled Hibernation
   161 | D        | Reached skill level 8 in Stealth
   612 | D        | Noticed a wight
   612 | D        | Noticed a water moccasin
   612 | D        | Noticed a warg
   639 | D        | Killed a wight
   640 | D        | Reached skill level 10 in Stealth
   640 | D        | Reached skill level 5 in Spellcasting
   640 | D        | Reached skill level 5 in Hexes
   640 | D        | Reached XP level 3. HP: 16/16 MP: 8/10
   640 | D        | Reached XP level 4. HP: 21/21 MP: 9/12
   644 | D        | Reached *** piety under Dithmenos
   647 | D        | Killed a water moccasin
   648 | D        | Reached skill level 12 in Stealth
   648 | D        | Reached XP level 5. HP: 24/24 MP: 10/15
   683 | D        | Learned a level 3 spell: Confusing Touch
   687 | D        | Killed a warg
   688 | D        | Reached skill level 14 in Stealth
   688 | D        | Reached XP level 6. HP: 9/28 MP: 2/18
   917 | D        | Reached skill level 15 in Stealth
   923 | D        | Reached **** piety under Dithmenos
   931 | D        | Slain by a wight

Illustrated notes

Levels and vault maps discovered:
D:        pitsprint [storerooms_1, entrance_room_1, metal_vault_1, armoury_2,
          mini_pit_1, grid_room_1, main_hall_1, silver_pit, the_coven_2,
          the_vestibule_1, steel_vault_4, golden_pit, hallway_of_sentries,
          crystal_vault_6, iron_vault_1, final_vault]

Skill      XL: |  1  2  3  4  5  6 |
---------------+-------------------+-----
Stealth        | 7 10 12 14 15 | 15.0
Spellcasting   | 3 5 6 8 9 |  9.9
Hexes          | 4 5 7 8 9 |  9.9
Short Blades   | |  1.1
Dodging        | |  2.6

Action                   |  1- 3 |  4- 6 || total
-------------------------+-------+-------++-------
Melee: Dagger            |    20 |    26 ||    46
       Punch             |     1 |       ||     1
 Cast: Ensorcelled Hiber |     4 |     3 ||     7
       Confusing Touch   |       |     3 ||     3
  Use: Potion            |     3 |     1 ||     4
 Stab: Sleeping          |     7 |       ||     7
       Invisible         |     1 |     2 ||     3
       Confused          |       |     3 ||     3
       Distracted        |       |     1 ||     1
Armor: Robe              |     3 |       ||     3
Dodge: Dodged            |    36 |     9 ||    45
